 Dungeon Crawl Stone Soup version 0.22.1-1-ga44c0e5 (webtiles) character file.

70 imbaray the Sneak (level 4, -10/33 HPs)
             Began as a Vampire Assassin on Oct 13, 2018.
             Killed by divine providence
             ... invoked by an orc priest
              (13 damage)
             ... on level 3 of the Dungeon.
             The game lasted 00:04:07 (2053 turns).

imbaray the Sneak (Vampire Assassin)                Turns: 2053, Time: 00:04:07

Health: -10/33     AC:  3    Str:  9 (10) XL:     4   Next: 4%
Magic:  4/4        EV: 13    Int: 11 (13) God:
Gold:   51         SH:  0    Dex: 15 (16) Spells: 3/3 levels left

rFire    . . .     SeeInvis +   a - +2 dagger
rCold    + + .     Gourm    .   (no shield)
rNeg     + + +     Faith    .   c - +0 robe
rPois    ∞         Spirit   .   (no helmet)
rElec    .         Reflect  .   d - +0 cloak
rCorr    .         Harm     .   (no gloves)
MR       .....                  (no boots)
Stlth    +++++.....             (no amulet)
HPRegen  0.00/turn              (no ring)
MPRegen  0.09/turn              (no ring)

@: bloodless, non-regenerating
A: fangs 3, see invisible, unbreathing
a: Bat Form


You were on level 3 of the Dungeon.
You were bloodless.

You visited 1 branch of the dungeon, and saw 3 of its levels.

You collected 51 gold pieces.

Inventory:

Hand Weapons
 a - a +2 dagger (weapon)
 b - a +0 blowgun
 h - a +2 short sword of protection
 j - a +2 short sword of electrocution
Missiles
 e - 12 poisoned needles
 f - 2 curare-tipped needles
Armour
 c - a +0 robe (worn)
 d - a +0 cloak (worn)
Scrolls
 i - 4 scrolls of magic mapping {unknown}
 k - 2 scrolls of blinking {unknown}
 m - a scroll of amnesia {unknown}
 n - a scroll of remove curse {unknown}
 o - 2 scrolls of identify {unknown}
Potions
 g - 5 potions of blood
 l - a potion of flight {unknown}
 p - a potion of heal wounds {unknown}


   Skills:
 - Level 1.7 Fighting
 * Level 3.7 Short Blades
 - Level 1.5 Throwing
 + Level 2.3 Dodging
 + Level 6.6 Stealth


You had 3 spell levels left.
You didn't know any spells.
Your spell library was empty.

Dungeon Overview and Level Annotations

Branches:
Dungeon (3/15)

Altars:
Hepliaklqana


Innate Abilities, Weirdness & Mutations

You do not heal naturally.
You are immune to poison.
You have razor-sharp teeth.
You have supernaturally acute eyesight. (SInv)
You can survive without breathing.


Message History

The orc priest is lightly wounded.
The orc priest calls down the wrath of Beogh upon you.
Beogh smites you!
* * * LOW HITPOINT WARNING * * *
You hit the orc priest but do no damage.
The orc priest is lightly wounded.
The orc priest hits you but does no damage.
You hit the orc priest but do no damage.
The orc priest is lightly wounded.
The orc priest barely misses you.
You hit the orc priest but do no damage.
The orc priest is lightly wounded.
The orc priest hits you with a dagger.
* * * LOW HITPOINT WARNING * * *
You barely miss the orc priest.
The orc priest is moderately wounded.
The orc priest looks more healthy.
The orc priest invokes the aid of Beogh against you.
Beogh smites you!
You die...

.. #...†...#..
###.####.......$.#
#...#.##.......#..(
#...<..#.....).# .#
#...#.S..).......#
# #. ##[o.####.####
#..####...#
?...((So.#.#
###.(## #@..# #.(#
##### .>(. #..(.
.....


You could see an orc priest and an adder.

Vanquished Creatures
  2 adders (D:2)
  A worm (D:2)
  2 dart slugs (D:2)
  A giant cockroach (D:2)
  5 goblins (D:1)
  6 hobgoblins
  3 jackals (D:1)
  6 kobolds
  A ball python (D:1)
  6 bats
  8 frilled lizards
  6 rats
47 creatures vanquished.

Notes
Turn   | Place    | Note
-------+----------+-------------------------------------------
     0 | D:1      | imbaray the Vampire Assassin began the quest for the Orb.
     0 | D:1      | Reached XP level 1. HP: 16/16 MP: 1/1
    32 | D:1      | Reached skill level 6 in Stealth
   118 | D:1      | Reached XP level 2. HP: 21/22 MP: 2/2
   814 | D:2      | Reached XP level 3. HP: 27/27 MP: 3/3
  1075 | D:2      | Found a hazy altar of Hepliaklqana.
  1748 | D:2      | Reached XP level 4. HP: 33/33 MP: 4/4
  2053 | D:3      | Killed from afar by an orc priest

Skill      XL: |  1  2  3 |
---------------+----------+-----
Stealth        | 6 |  6.6
Short Blades   | 3 |  3.7
Dodging        | 2 |  2.3
Fighting       | |  1.7
Throwing       | |  1.5

Action                   |  1- 3 |  4- 6 || total
-------------------------+-------+-------++-------
Melee: Dagger            |   135 |     9 ||   144
       Bite              |     7 |       ||     7
 Fire: Blowgun           |       |     8 ||     8
  Use: Scroll            |     2 |       ||     2
       Potion            |     2 |       ||     2
 Stab: Sleeping          |    15 |     1 ||    16
Armor: Robe              |    25 |       ||    25
Dodge: Dodged            |    59 |     2 ||    61
